 Dungeon Crawl Stone Soup version 0.29.1-1-gd02db6906a (webtiles) character file.

Game seed: 11362589241845659132

5114 Nar the Cudgeller (level 10, -2/84 HPs)
             Began as a Ghoul Gladiator on Sept 23, 2022.
             Was an Elder of Cheibriados.
             Slain by a yak (8 damage)
             ... on level 9 of the Dungeon.
             The game lasted 00:45:44 (5709 turns).

Nar the Cudgeller (Ghoul Gladiator)                 Turns: 5709, Time: 00:45:46

Health: -2/84      AC: 19    Str: 39    XL:     10   Next: 58%
Magic:  4/10       EV: 14    Int: 22    God:    Cheibriados [****..]
Gold:   490        SH:  0    Dex: 21    Spells: 9/9 levels left

rFire   . . .      SeeInvis .   y - +9 flail "Raoto" {vorpal, Str+7}
rCold   + . .      Faith    +   (no shield)
rNeg    + + +      Spirit   .   v - +1 scale mail of Hopscotch {Rampage rCorr Int+4 Dex+2}
rPois   ∞          Reflect  .   b - +1 helmet
rElec   .          Harm     .   P - +2 cloak
rCorr   +          Rampage  +   g - +0 pair of gloves
Will    .....                   F - +2 pair of boots {rampage}
Stlth   +.........              w - amulet of faith
HPRegen 0.00/turn               j - +6 ring of intelligence
MPRegen 0.12/turn               (no ring)

@: inhibited regen, very slow
A: claws 1, cold resistance 1, negative energy resistance 3, inhibited
regeneration, torment resistance 2, devour on kill
a: Renounce Religion, Bend Time, Temporal Distortion, Slouch


You were on level 9 of the Dungeon.
You worshipped Cheibriados.
Cheibriados was greatly pleased with you.
You visited 2 branches of the dungeon, and saw 10 of its levels.

You collected 654 gold pieces.
You spent 164 gold pieces at shops.

Inventory:

Hand Weapons
 h - a +0 trident
 l - a +0 short sword
 p - a +5 spectral quarterstaff
 y - the +9 flail "Raoto" (weapon) {vorpal, Str+7}
   (You took it off a kobold on level 3 of the Dungeon)

   It inflicts extra damage upon your enemies.
   Str:       It affects your strength (+7).
 A - a +3 dagger of chaos
 C - a +0 vorpal flail
Missiles
 d - a javelin
 e - 5 poisoned darts
 r - 3 throwing nets
 t - 65 stones
Armour
 a - a +0 leather armour
 b - a +1 helmet (worn)
 g - a +0 pair of gloves (worn)
 n - a +0 ring mail
 v - the +1 scale mail of Hopscotch (worn) {Rampage rCorr Int+4 Dex+2}
   (You found it on level 8 of the Dungeon)

   Int:       It affects your intelligence (+4).
   Dex:       It affects your dexterity (+2).
   rCorr:     It protects you from acid and corrosion.
   Rampage:   It bestows one free step when moving towards enemies.
   Cheibriados disapproves of the use of such an item.
 D - a +1 scale mail of fire resistance
 F - a +2 pair of boots of rampaging (worn)
 G - a +0 robe
 K - a +0 helmet
 P - a +2 cloak (worn)
Jewellery
 j - a +6 ring of intelligence (left hand)
 w - an amulet of faith (around neck)
Wands
 E - a wand of charming (13)
 J - a wand of roots (25)
 Q - a wand of mindburst (4)
Scrolls
 k - a scroll of torment {unknown}
 o - a scroll of immolation
 x - a scroll of fog
 B - a scroll of fear
Potions
 c - a potion of cancellation
 f - a potion of curing
 i - a potion of haste
 m - a potion of mutation
 q - 2 potions of berserk rage
 s - a potion of degeneration
 u - a potion of magic
 z - 2 potions of attraction
 M - a potion of might {unknown}
 O - a potion of lignification {unknown}


   Skills:
 + Level 6.7 Fighting
 + Level 1.2 Short Blades
 + Level 7.9(8.1) Maces & Flails
 + Level 1.9(2.4) Polearms
 + Level 2.2(5.6) Staves
 + Level 2.4 Throwing
 + Level 7.1 Armour
 + Level 4.7 Dodging
 + Level 2.4 Stealth
 + Level 3.4 Unarmed Combat
 + Level 2.2 Invocations
 + Level 3.0 Evocations


You had 9 spell levels left.
You didn't know any spells.
Your spell library contained the following spells:

 Spells                   Type           Power      Damage    Failure   Level
 Magic Dart               Conj           0%         1d3       28%         1
 Searing Ray              Conj           0%         2d4       38%         2
 Airstrike                Air            0%         2d(0-16)  95%         4
 Fulminant Prism          Conj/Hex       0%         3d6       95%         4
 Summon Lightning Spire   Summ/Air       0%         N/A       95%         4
 Lightning Bolt           Conj/Air       0%         1d11      100%        5
 Conjure Ball Lightning   Conj/Air       0%         3x3d6     100%        6
 Discord                  Hex            0%         N/A       100%        8
 Disjunction              Tloc           0%         N/A       100%        8
 Beastly Appendage        Tmut           Unusable   N/A       N/A         1
 Wereblood                Tmut           Unusable   N/A       N/A         2
 Spider Form              Tmut/Pois      Unusable   N/A       N/A         3

Dungeon Overview and Level Annotations

Branches:
Dungeon (9/15)             Temple (1/1) D:4
   Lair: D:8-11         Orc: D:9-12

Altars:
Ashenzari
Cheibriados
Dithmenos
Fedhas
Gozag
Kikubaaqudgha
Makhleb
Nemelex Xobeh
Okawaru
Qazlal
Ru
Sif Muna
Trog
Uskayaw
Vehumet
Wu Jian
Xom
Yredelemnul

Shops:
D:3 :   D:4 [   D:9 *

Annotations:
D:6 1 transporter


Innate Abilities, Weirdness & Mutations

You are immune to poison.
You have sharp fingernails.
Your flesh is cold resistant. (rC+)
You are immune to negative energy. (rN+++)
You do not regenerate when monsters are visible.
You are immune to unholy pain and torment.
You thrive by killing the living.


Message History

The yak gores you but does no damage. The yak gores you!
The yak barely misses you.
You hit the yak.
The yak is heavily wounded.
The yak completely misses you. The yak gores you!
The yak gores you but does no damage. The yak gores you. x2
You feel much better. The yak gores you! x2
The yak gores you but does no damage. The yak closely misses you.
The yak misses you.
Activating: Bend Time (9% risk of failure)
Press: ? - help, Q - select action, (/) - cycle Dir - look around, f - activate The flow of time bends around you.
Cheibriados rebukes the yak.
The yak seems to slow down.
The yak resists with some effort. x2
Cheibriados rebukes the yak.
The yak seems to slow down.
The yak resists with some effort.
The yak barely misses you. The yak gores you!
* * * LOW HITPOINT WARNING * * *
The yak misses you.
Activating: Bend Time (9% risk of failure)
Press: ? - help, Q - select action, (/) - cycle Dir - look around, f - activate The flow of time bends around you.
The yak resists with some effort. x2
Cheibriados rebukes the yak.
The yak seems to slow down.
The yak resists with some effort. x3
The yak gores you.
* * * LOW HITPOINT WARNING * * *
The yak gores you but does no damage. x3; The yak barely misses you.
You bludgeon the yak!!
You kill the yak!
Cheibriados appreciates the change of pace.
You feel better. The yak gores you. The yak gores you!
* * * LOW HITPOINT WARNING * * *
The yak misses you. The yak barely misses you.
You hit the yak but do no damage.
The yak is moderately wounded.
The yak barely misses you. The yak gores you but does no damage.
The yak gores you!
* * * LOW HITPOINT WARNING * * *
The yak barely misses you. The yak gores you!
You die...

#..... ..# ....##
##.##.........#
.....###...##.........#
......................#
.....##.#####.........##
####†)..# #..........#
......### #..........#
......# #..YYY.....#
......# #.Y@Y.....#
.<>...# ##Y.......#
......# ######..#.....#
.#########......#...?..#
...........##.....#....#
#..###.........####.?..#
#..##..#######.# ####
.†.........# #.#
.####'###..# #.#


You could see 6 yaks.

Vanquished Creatures
  A two-headed ogre (D:8)
  Psyche (D:9)
  Maggie (D:8)
  A kobold demonologist (D:9)
  Sigmund (D:2)
  A wyvern (D:9)
  3 yaks (D:9)
  A steam dragon (D:6)
  An acid dragon (D:9)
  Edmund (D:4)
  2 water moccasins
  An ice beast (D:8)
  A black bear (D:5)
  A sky beast (D:8)
  An ogre (D:5)
  2 centaurs
  3 phantoms
  A kobold brigand (D:8)
  4 bullfrogs
  4 necrophages
  A scorpion (D:5)
  3 wights (D:8)
  A howler monkey (D:7)
  2 hounds
  A jelly (D:7)
  A quasit (D:5)
  3 iguanas
  3 orc wizards
  4 gnolls (D:5)
  7 adders
  4 shadow imps
  8 white imps
  5 ufetubi
  A worm (D:4)
  13 orcs
  5 endoplasms
  4 giant cockroaches
  4 goblins
  5 hobgoblins
  3 jackals (D:4)
  2 quokkas
  5 ball pythons
  2 bats
  4 frilled lizards
  12 kobolds
  6 rats
  2 bushes (Temple)
143 creatures vanquished.

Vanquished Creatures (collateral kills)
  4 centaurs (D:8)
  An orc wizard (D:8)
  6 orcs (D:8)
11 creatures vanquished.

Vanquished Creatures (others)
  A centaur (D:8)
  A white imp (D:8)
  An orc (D:5)
  A quokka (D:8)
  5 demonic plants (D:5)
  6 plants
15 creatures vanquished.

Grand Total: 169 creatures vanquished

Notes
Turn   | Place    | Note
-------+----------+-------------------------------------------
     0 | D:1      | Nar the Ghoul Gladiator began the quest for the Orb.
     0 | D:1      | Reached XP level 1. HP: 17/17 MP: 0/0
   161 | D:1      | Found a faded altar of an unknown god.
   169 | D:1      | Prayed at the altar of an unknown god.
   169 | D:1      | Became a worshipper of Cheibriados the Contemplative
   169 | D:1      | Reached * piety under Cheibriados
   221 | D:1      | Reached XP level 2. HP: 11/25 MP: 1/1
   678 | D:2      | Reached XP level 3. HP: 30/30 MP: 2/2
   741 | D:2      | Reached ** piety under Cheibriados
   875 | D:2      | Noticed Sigmund
   889 | D:2      | Killed Sigmund
   890 | D:2      | Reached skill level 1 in Short Blades
   890 | D:2      | Reached skill level 1 in Polearms
   890 | D:2      | Reached skill level 1 in Armour
   890 | D:2      | Reached XP level 4. HP: 10/38 MP: 3/3
   890 | D:2      | Reached XP level 5. HP: 12/45 MP: 4/4
  1368 | D:3      | Found Guonirah's Book Emporium.
  1511 | D:3      | Identified the +9 flail "Raoto" {vorpal, Str+7}
  1525 | D:3      | Reached skill level 1 in Staves
  1530 | D:3      | Reached XP level 6. HP: 45/51 MP: 5/5
  1668 | D:4      | Found Eggapa's Antique Armour Shoppe.
  1679 | D:4      | Noticed Edmund
  1690 | D:4      | Killed Edmund
  1691 | D:4      | Reached skill level 1 in Maces & Flails
  1725 | D:4      | Reached XP level 7. HP: 36/58 MP: 6/6
  1933 | D:4      | Found a staircase to the Ecumenical Temple.
  1942 | D:4      | Reached *** piety under Cheibriados
  1967 | Temple   | Entered the Ecumenical Temple
  2568 | D:4      | Bought a pair of runed boots for 150 gold pieces
  2568 | D:4      | Bought a robe for 14 gold pieces
  2657 | D:5      | Entered Level 5 of the Dungeon
  2829 | D:5      | Reached XP level 8. HP: 47/66 MP: 7/7
  2950 | D:5      | Reached skill level 1 in Stealth
  3416 | D:5      | Reached skill level 5 in Maces & Flails
  3570 | D:6      | You fall into a shaft and drop 1 floor!
  3584 | D:7      | Found a hide-covered altar of Uskayaw.
  3617 | D:7      | Found a radiant altar of Vehumet.
  3621 | D:7      | Found a blossoming altar of Fedhas.
  3704 | D:7      | Reached skill level 5 in Fighting
  3710 | D:7      | Reached skill level 5 in Armour
  3710 | D:7      | Reached XP level 9. HP: 68/74 MP: 8/8
  3815 | D:7      | Found an opulent altar of Gozag.
  3815 | D:7      | Found a stormy altar of Qazlal.
  3815 | D:7      | Found a burning altar of Makhleb.
  3817 | D:7      | Reached **** piety under Cheibriados
  4048 | D:7      | Found a shimmering altar of Xom.
  4305 | D:6      | Found a transporter.
  4319 | D:6      | Noticed a kobold demonologist
  4484 | D:6      | Found a transporter.
  4536 | D:6      | Noticed a hellwing
  4537 | D:6      | Noticed a sun demon
  5051 | D:8      | Noticed a two-headed ogre
  5056 | D:8      | Killed a two-headed ogre
  5057 | D:8      | Reached skill level 1 in Invocations
  5057 | D:8      | Reached skill level 1 in Evocations
  5077 | D:8      | Noticed Maggie
  5090 | D:8      | Killed Maggie
  5106 | D:8      | Identified the +1 scale mail of Hopscotch {Rampage rCorr
                  | Int+4 Dex+2}
  5160 | D:8      | Found an ancient bone altar of Kikubaaqudgha.
  5218 | D:8      | Reached XP level 10. HP: 47/83 MP: 10/10
  5571 | D:9      | Noticed a kobold demonologist
  5584 | D:9      | Noticed a smoke demon
  5587 | D:9      | Killed a kobold demonologist
  5622 | D:9      | Noticed Psyche
  5635 | D:9      | Killed Psyche
  5689 | D:9      | Found Joiklur's Lightly-Used Armoury.
  5709 | D:9      | Slain by a yak

Illustrated notes

Levels and vault maps discovered:
D:1:      ebering_trefoil_twist, layout_loops_ring,
          chequers_ecumenical_altar_grove
D:2:      layout_rooms, uniq_sigmund
D:3:      layout_basic, biasface_ghost_orc_armoury, serial_shops, shop_statue
D:4:      layout_cave_pods, minmay_temple_entry_wispy, serial_shops, shop,
          uniq_edmund
D:5:      layout_basic, serial_demonic, serial_demonic_b, serial_demonic_f,
          serial_demonic_f, serial_demonic_b, serial_demonic_c, serial_demonic_f
D:6:      gammafunk_wand_slinger, layout_cave_pods, mainiacjoe_overflow_paths,
          nrook_loot_triangle
D:7:      layout_rooms, nicolae_overflow_hidden_temple,
          gammafunk_temple_overflow_claw, mainiacjoe_overflow_alcove_1
D:8:      layout_rooms, lemuel_tele_altar, elyvilon_altar_4, centaur_isle,
          uniq_maggie
D:9:      layout_rooms, special_room [special_room_orc], minmay_shop_damaged,
          minivault_1, uniq_psyche
Temple:   jpeg_temple_alley_garden

Skill      XL: |  1  2  3  4  5  6  7  8  9 10 |
---------------+-------------------------------+-----
Dodging        | 3 4 |  4.7
Fighting       | 3 4 5 6 |  6.7
Short Blades   | 1 |  1.2
Polearms       | 1 |  1.9
Throwing       | 2 |  2.4
Armour         | 1 2 3 5 6 7 |  7.1
Staves         | 1 2 |  2.2
Maces & Flails | 1 3 5 6 7 |  7.9
Stealth        | 1 2 |  2.4
Invocations    | 1 2 |  2.2
Evocations     | 2 3 |  3.0
Unarmed Combat | |  3.4

Action                   |  1- 3 |  4- 6 |  7- 9 | 10-12 || total
-------------------------+-------+-------+-------+-------++-------
Melee: Trident           |    30 |       |       |       ||    30
       Punch             |     2 |     1 |     6 |     1 ||    10
       Short sword       |    28 |       |       |       ||    28
       Quarterstaff      |    13 |    28 |       |       ||    41
       Flail             |       |    34 |   236 |    50 ||   320
Throw: Stone             |     9 |       |       |       ||     9
       Throwing net      |     5 |       |       |     3 ||     8
       Javelin           |     1 |       |       |       ||     1
Invok: Bend Time         |       |     2 |     2 |     2 ||     6
       Temporal Distorti |       |       |     1 |       ||     1
Evoke: Wand              |       |       |    16 |     6 ||    22
  Use: Scroll            |     4 |     1 |     9 |     2 ||    16
       Potion            |       |     2 |    10 |     3 ||    15
Armor: Leather armour    |     8 |       |       |       ||     8
       Ring mail         |    17 |    17 |       |       ||    34
       Scale mail        |       |     4 |   150 |    71 ||   225
Dodge: Dodged            |    49 |    45 |   220 |    88 ||   402
